 Dungeon Crawl Stone Soup version 0.32-a0-900-g30fb1b0edc (webtiles) character file.

Game seed: 17361460831555281262

108564 spaghetti the Fencer (level 16, -2/147 HPs)
             Began as a Naga Chaos Knight on Apr 5, 2024.
             Was a Plaything of Xom.
             Slain by a goliath frog (14 damage)
             ... on level 1 of the Swamp.
             The game lasted 00:33:12 (16907 turns).

spaghetti the Fencer (Naga Chaos Knight)           Turns: 16907, Time: 00:33:13

Health: -2/147     AC: 45    Str: 21    XL:     16   Next: 22%
Magic:  0/16       EV:  6    Int: 16    God:    Xom [*.....]
Gold:   1235       SH:  4    Dex: 24    Spells: 15/15 levels left

rFire   . . .        c - +13 sword of the Doom Knight {doom -Cast ^Drain Will+}
rCold   . . .        (shield currently unavailable)
rNeg    . . .        i - +9 plate armour {Will+}
rPois   +            p - +2 hat
rElec   +            l - +1 cloak
rCorr   .            a - +0 pair of gloves of a Million Knives {Str+3}
SInv    +            q - +6 lightning scales {swift, rElec}
Will    +++++        y - amulet of guardian spirit Stlth
                     C - +6 ring of dexterity
HPRegen 0.44/turn    H - +4 ring of slaying
MPRegen 0.15/turn

%: no spellcasting, clarity, guardian spirit
@: about to teleport, studying Armour, slow
A: AC +5, large, see invisible, deformed body, poison resistance, slowness 2,
spit poison 2, naga tail 2, horns 1, stinger 1, iridescent scales 1, large bone
plates 1, agile 1, clarity, clever 1, strong-willed 2, shaggy fur 1, strong 1,
wild magic 1, MP-powered wands
a: Breathe Poison Gas, Renounce Religion


You were on level 1 of the Swamp.
You worshipped Xom.
You were a special plaything of Xom.
You visited 4 branches of the dungeon, and saw 19 of its levels.
You also visited: Sewer, Gauntlet and Ice Cave.

You collected 1766 gold pieces.
You spent 531 gold pieces at shops.

Inventory:

Hand Weapons
 c - the +13 sword of the Doom Knight (weapon) {doom -Cast ^Drain Will+}
   (You acquired it on level 2 of the Dungeon)

   Will+:     It increases your willpower.
   -Cast:     It prevents spellcasting.
   ^Drain:    It drains your maximum health when unequipped.
Missiles
 b - a throwing net
 I - 5 javelins
Armour
 a - the +0 pair of gloves of a Million Knives (worn) {Str+3}
   (You bought it in a shop on level 11 of the Dungeon)

   Str+3:     It affects your strength (+3).
 i - a +9 plate armour of willpower (worn)
 l - a +1 cloak (worn)
 p - a +2 hat (worn)
 q - the +6 lightning scales (worn) {swift, rElec}
   (You acquired it in a sewer)

   Swift:     It allows the wearer to cover ground more swiftly.
   rElec:     It insulates you from electricity.
Jewellery
 d - an amulet of faith
 h - an amulet of the acrobat
 w - a ring of positive energy
 y - an amulet of guardian spirit (around neck)
 B - a +6 ring of strength
 C - a +6 ring of dexterity (left hand)
 D - the ring "Gunk" {Fly rC- Str+6 Dex+2}
   (You found it in a Gauntlet)

   [ring of flight]

   Str+6:     It affects your strength (+6).
   Dex+2:     It affects your dexterity (+2).
   rC-:       It makes you vulnerable to cold.
   Fly:       It grants you flight.
 H - a +4 ring of slaying (right hand)
 Q - a +6 ring of strength
 T - a +4 ring of protection
 Y - a ring of positive energy
Talismans
 O - a granite talisman
Wands
 g - a wand of paralysis (24)
 n - a wand of flame (25)
 z - a wand of mindburst (19)
 G - a wand of acid (14)
 K - a wand of polymorph (21)
 L - a wand of digging (4)
 R - a wand of roots (4)
Scrolls
 f - 3 scrolls of enchant weapon
 k - 2 scrolls of immolation
 m - 7 scrolls of teleportation
 s - 2 scrolls of fog
 t - 3 scrolls of noise
 v - 2 scrolls of silence
 E - a scroll of vulnerability
 F - 5 scrolls of identify
 P - a scroll of poison
 S - 4 scrolls of torment
Potions
 e - 2 potions of attraction
 j - 2 potions of might
 r - 3 potions of magic
 u - 2 potions of mutation
 x - 3 potions of enlightenment
 A - 4 potions of curing
 U - 2 potions of brilliance
 V - 3 potions of heal wounds
 W - a potion of haste
Miscellaneous
 J - a lightning rod (3/4)
 M - a sack of spiders (inert)
 N - a tin of tremorstones (1/2)
 Z - a phantom mirror (inert)


   Skills:
 - Level 10.4 Fighting
 - Level 20.0 Long Blades
 + Level 11.7 Armour
 - Level 8.4 Dodging
 - Level 4.4 Unarmed Combat


You had 15 spell levels left.
You didn't know any spells.
Your spell library contained the following spells:

 Spells                   Type           Power      Damage    Failure   Level
 Kiss of Death            Conj/Necr      0%         2d5       98%         1
 Magic Dart               Conj           0%         1d3       98%         1
 Necrotise                Necr           0%         1d4       98%         1
 Sting                    Conj/Alch      0%         1d3       98%         1
 Blink                    Tloc           0%         N/A       99%         2
 Call Imp                 Summ           0%         N/A       99%         2
 Ensorcelled Hibernation  Hex/Ice        0%         N/A       99%         2
 Mercury Vapours          Alch/Air       0%         N/A       99%         2
 Confusing Touch          Hex            0%         N/A       100%        3
 Frozen Ramparts          Ice            0%         1d1       100%        3
 Fugue of the Fallen      Necr           0%         N/A       100%        3
 Ozocubu's Armour         Ice            0%         N/A       100%        3
 Passwall                 Erth           0%         N/A       100%        3
 Swiftness                Air            0%         N/A       100%        3
 Vampiric Draining        Necr           0%         2d6       100%        3
 Anguish                  Hex/Necr       0%         N/A       100%        4
 Dispel Undead            Necr           0%         3d6       100%        4
 Martyr's Knell           Necr/Summ      0%         N/A       100%        4
 Olgreb's Toxic Radiance  Alch           0%         N/A       100%        4
 Curse of Agony           Necr           0%         N/A       100%        5
 Metabolic Englaciation   Hex/Ice        0%         N/A       100%        5
 Sculpt Simulacrum        Ice/Alch       0%         N/A       100%        6
 Ozocubu's Refrigeration  Ice            0%         4d7       100%        7
 Polar Vortex             Ice            0%         N/A       100%        9


Dungeon Overview and Level Annotations

Branches:
Dungeon (11/15)            Temple (0/1) D:4            Lair (5/5) D:8
  Swamp (1/4) Lair:2        Slime (0/5) Lair:5          Orc (2/2) D:9
    Elf (0/3) Orc:2         Sewer (visited)           IceCv (visited)
Gauntlet (visited)
  Snake: Lair:2-3    Spider: Lair:2-3

Altars:
Elyvilon
Nemelex Xobeh
Trog
Vehumet
Xom
The Shining One
Beogh
Jiyva

Shops:
D:1 *   D:4 (   D:8 :   D:9 *   D:11 [   Orc:2 (!(([

Annotations:
D:9 exclusion: statue
Lair:5 exclusion: 3 oklob plants


Innate Abilities, Weirdness & Mutations

Your serpentine skin is tough. (AC +5)
You have supernaturally acute eyesight. (SInv)
Armour fits poorly on your strangely shaped body.
Your system is resistant to poisons. (rPois)
You cover ground very slowly.
You can exhale a cloud of poison.
You can use your snake-like lower body to constrict enemies.
You have a pair of small horns on your head.
Your tail ends in a venomous barb.
You are partially covered in iridescent scales. (AC +2)
You are partially covered in large bone plates. (SH +4)
You are agile. (Dex +4, Str/Int -1)
You possess an exceptional clarity of mind.
Your mind is acute. (Int +4, Str/Dex -1)
You are highly strong-willed. (Will++)
You are covered in fur. (AC +1)
Your muscles are strong. (Str +4, Int/Dex -1)
Your spells are a little harder to cast, but a little more powerful.
You expend magic power (3 MP) to strengthen your wands.


Message History

You grab the alligator.
You headbutt the alligator, but do no damage.
The alligator is heavily wounded.
You constrict the alligator! The foxfire hits you!
* * * LOW HITPOINT WARNING * * *
The foxfire hits you but does no damage.
The alligator tail-slaps you but does no damage.
The alligator bites you but does no damage.
Unknown command.
You release your grip on the alligator.
The alligator tail-slaps you but does no damage.
The alligator barely misses you.
The six-headed hydra bites you but does no damage.
You block the six-headed hydra's attack.
The six-headed hydra closely misses you.
The six-headed hydra bites you but does no damage. x3
The will-o-the-wisp gestures.
The will-o-the-wisp conjures some marshlight! 2 foxfires come into view.
Unknown command.
Your surroundings seem slightly different.
The foxfire hits you!
* * * LOW HITPOINT WARNING * * *
The will-o-the-wisp gestures.
The will-o-the-wisp conjures some marshlight! 2 foxfires come into view.
You can't go up here!
As you read the scroll of teleportation, it crumbles to dust.
You feel strangely unstable.
The foxfire hits you but does no damage.
The goliath frog hits you but does no damage.
The foxfire hits you!!
* * * LOW HITPOINT WARNING * * *
Unknown command.
Okay, then.
You feel much better. The foxfire hits you!
* * * LOW HITPOINT WARNING * * *
The goliath frog hits you from afar!
You die...
Xom chortles!

...~~~~.. ♣♣♣♣
♣♣..~~~~.~
♣♣...♣♣♣♣♣.....~§.~
♣♣.~§~..@♣~.~..~~~~~
♣~~~~~~.§!~~§§~~~~~~
..~~~~~§F~l~~~~~...~
...~~~~§~~~~~§~.....
..~~~~.†§.§~D~~~...~
.~~~.~.~~~v~l...~~.~
.~.♣♣♣~.~~~~~~...~..
~.~ ♣♣♣♣~§~~~~..♣♣.
♣♣~~§~~~.~.~


You could see a six-headed hydra, 2 alligators, a goliath frog and a
will-o-the-wisp.

Vanquished Creatures
  Gastronok (D:11)
  An orc warlord (Orc:2)
  A minotaur (Gauntlet)
  Snorg (D:9)
  Fannar (D:11)
  3 hydras
  An alligator (Swamp:1)
  A jorogumo (D:11)
  An ogre mage (D:11)
  A centaur warrior (D:11)
  A two-headed ogre (D:9)
  A merfolk avatar (Lair:5)
  16 death yaks
  A deep troll earth mage (D:11)
  A tengu warrior (D:11)
  Nergalle (Lair:2)
  A skyshark (Lair:2)
  A sea snake (Lair:5)
  A bog body (IceCv)
  4 ugly things (D:11)
  Pikel (D:5)
  2 orc knights (Orc:2)
  A necromancer (IceCv)
  4 orc sorcerers
  6 manticores
  3 cyclopes (D:11)
  13 elephants
  5 black mambas
  7 kobold blastminers (Orc:2)
  2 ice statues (IceCv)
  The ghost of jkt the Covert, a novice SpEn (D:6)
  6 cane toads
  6 rime drakes
  7 komodo dragons
  2 anaconda simulacra (IceCv)
  4 ice devils (IceCv)
  A bloated husk (Swamp:1)
  Grinder (D:3)
  6 trolls
  A tyrant leech (Swamp:1)
  A wind drake (Lair:5)
  5 dream sheep (Lair:5)
  6 blink frogs
  A snapping turtle (Lair:5)
  2 centaur simulacra (Gauntlet)
  2 slime creatures
  42 yaks
  3 wraiths
  2 vampires (D:11)
  3 wyverns
  Grum (D:11)
  4 dire elephant simulacra (IceCv)
  A basilisk (Lair:1)
  2 steam dragons
  3 wargs (Orc:2)
  4 harpy simulacra (IceCv)
  2 swamp worms (Lair:2)
  5 acid dragons
  17 water moccasins
  26 orc warriors
  An ice dragon simulacrum (Gauntlet)
  9 ogres
  3 black bears
  12 wolves
  2 centaurs
  2 phantoms
  4 kobold brigands
  9 bullfrogs
  3 scorpions
  2 gnoll sergeants
  A two-headed ogre simulacrum (IceCv)
  8 wights
  10 killer bees
  A howler monkey (D:11)
  5 bombardier beetles
  6 electric eels
  3 jellies
  4 hounds
  16 orc priests
  3 iguanas (D:6)
  A sleepcap (D:6)
  Terence (D:3)
  20 orc wizards
  A mummy (D:5)
  17 gnolls
  5 adders
  A river rat (Sewer)
  4 shadow imps
  4 white imps
  3 ufetubi
  5 ribbon worms
  3 dart slugs
  96 orcs
  12 bats
  4 endoplasms
  5 giant cockroaches
  12 goblins
  5 hobgoblins
  3 jackals (D:4)
  3 quokkas
  7 ball pythons
  5 frilled lizards
  A goblin zombie (D:5)
  22 kobolds
  An orc zombie (D:5)
  7 rats
603 creatures vanquished.

Vanquished Creatures (collateral kills)
  An orc sorcerer (Orc:2)
  3 orc warriors (Orc:2)
  A hound (D:8)
5 creatures vanquished.

Vanquished Creatures (others)
  2 ice devils (IceCv)
  A bloated husk (Swamp:1)
  2 swamp worms (Swamp:1)
  An orc warrior (Orc:2)
  A wolf (D:11)
  A killer bee (D:11)
  An orc wizard (D:11)
  A troll simulacrum (IceCv)
  A white imp (IceCv)
  14 foxfires (Swamp:1)
25 creatures vanquished.

Grand Total: 633 creatures vanquished

Notes
Turn   | Place    | Note
-------+----------+-------------------------------------------
     0 | D:1      | spaghetti the Naga Chaos Knight began the quest for the
                  | Orb.
     0 | D:1      | Reached XP level 1. HP: 21/21 MP: 1/1
   103 | D:1      | Reached XP level 2. HP: 28/28 MP: 2/2
   160 | D:1      | Found Xynile's General Store.
   334 | D:1      | Reached XP level 3. HP: 33/34 MP: 3/3
   518 | D:1      | Reached skill level 1 in Dodging
   618 | D:1      | XOM: silly message
   757 | D:2      | XOM: silly message
   836 | D:2      | XOM: god gift: fizzy yellow potion {god gift}
   914 | D:2      | Identified a scroll of acquirement
   914 | D:2      | Acquired the +13 sword of the Doom Knight {doom -Cast
                  | ^Drain Will+}
   914 | D:2      | Found the +13 sword of the Doom Knight {doom -Cast ^Drain
                  | Will+}
   969 | D:2      | Reached XP level 4. HP: 40/40 MP: 4/4
  1001 | D:2      | Reached skill level 1 in Long Blades
  1140 | D:2      | XOM is BORED!
  1140 | D:2      | XOM: summons 3 hostile demons
  1353 | D:2      | XOM: scenery: summon butterflies
  1614 | D:3      | Reached skill level 2 in Long Blades
  1716 | D:3      | Reached XP level 5. HP: 45/49 MP: 5/5
  1760 | D:3      | Noticed Grinder
  1777 | D:3      | Killed Grinder
  1778 | D:3      | Reached skill level 5 in Long Blades
  1778 | D:3      | Reached XP level 6. HP: 55/56 MP: 6/6
  1982 | D:3      | Found a white marble altar of Elyvilon.
  2127 | D:3      | Noticed Terence
  2128 | D:3      | XOM: fog
  2132 | D:3      | Killed Terence
  2290 | D:4      | Found Yluc's Firing Range.
  2386 | D:4      | Reached XP level 7. HP: 62/62 MP: 7/7
  2455 | D:4      | XOM: summons 4 hostile demons
  2495 | D:4      | Reached skill level 6 in Long Blades
  2559 | D:4      | XOM: fake destruction
  2564 | D:4      | Found a staircase to the Ecumenical Temple.
  2706 | D:4      | XOM: summons 4 hostile demons
  2728 | D:4      | XOM: summons 4 hostile demons
  2890 | D:5      | Entered Level 5 of the Dungeon
  2897 | D:5      | Gained mutation: You are partially covered in large bone
                  | plates. (SH +4) [potion of mutation]
  2897 | D:5      | Gained mutation: You can exhale a cloud of poison. [potion
                  | of mutation]
  2897 | D:5      | Gained mutation: Your body sometimes deteriorates upon
                  | taking damage. [potion of mutation]
  2897 | D:5      | Gained mutation: Your tail ends in a venomous barb. [potion
                  | of mutation]
  2917 | D:5      | XOM: god gift: amulet of the acrobat
  2945 | D:5      | Noticed Pikel
  2947 | D:5      | Found a glowing drain.
  2955 | D:5      | Killed Pikel
  2956 | D:5      | Reached skill level 8 in Long Blades
  2956 | D:5      | Reached XP level 8. HP: 42/69 MP: 8/8
  2958 | D:5      | XOM: confuse monster(s)
  2973 | Sewer    | Entered a sewer
  3180 | Sewer    | XOM: cloud trail
  3251 | Sewer    | Acquired the +6 lightning scales {swift, rElec}
  3251 | Sewer    | Found the +6 lightning scales {swift, rElec}
  3452 | D:5      | Reached skill level 9 in Long Blades
  3485 | D:5      | Identified the +0 robe "Ydaqipn" {*Slow rElec rC- Int+5}
  3709 | D:5      | XOM: 3-stop teleportation journey
  4016 | D:5      | XOM: give mutations
  4016 | D:5      | Gained mutation: You have a pair of small horns on your
                  | head. [Xom's grace]
  4016 | D:5      | Gained mutation: You have hidden genetic potential. [Xom's
                  | grace]
  4016 | D:5      | Gained mutation: You are partially covered in iridescent
                  | scales. (AC +2) [Xom's grace]
  4236 | D:6      | Reached skill level 10 in Long Blades
  4239 | D:6      | Found a glowing golden altar of the Shining One.
  4244 | D:6      | XOM: divination: detect creatures
  4259 | D:6      | Reached XP level 9. HP: 75/75 MP: 9/9
  4264 | D:6      | XOM: summons friendly iron imp
  4267 | D:6      | Reached skill level 11 in Long Blades
  4286 | D:6      | XOM: cast spell 'Discord'
  4419 | D:6      | Found a sparkling altar of Nemelex Xobeh.
  4615 | D:6      | Found a large runed translucent door.
  4615 | D:6      | Found a large runed translucent door.
  4624 | D:6      | Noticed jkt's ghost (novice SpEn)
  4625 | D:6      | XOM is BORED!
  4625 | D:6      | XOM: give mutations
  4625 | D:6      | Gained mutation: You have great hidden genetic potential.
                  | [Xom's mischief]
  4625 | D:6      | Gained mutation: You occasionally shout uncontrollably at
                  | your foes. [Xom's mischief]
  4625 | D:6      | Gained mutation: You are strong-willed. (Will+) [Xom's
                  | mischief]
  4859 | D:6      | XOM: god gift: scroll of teleportation
  4933 | D:6      | XOM: summons friendly iron imp
  4937 | D:6      | Killed jkt's ghost
  4938 | D:6      | Reached skill level 12 in Long Blades
  4951 | D:6      | Gained mutation: You possess an exceptional clarity of
                  | mind. [hidden potential]
  5056 | D:7      | You fall into a shaft and drop 2 floors!
  5081 | D:9      | Found a staircase to the Orcish Mines.
  5164 | D:9      | XOM: god gift: +6 ring of strength
  5181 | D:9      | Noticed a troll
  5186 | D:9      | Killed a troll
  5228 | D:9      | Reached XP level 10. HP: 73/84 MP: 10/10
  5261 | D:9      | XOM: give mutations
  5261 | D:9      | Gained mutation: You are covered in fur. (AC +1) [Xom's
                  | grace]
  5261 | D:9      | Gained mutation: Your tail ends in a sharp venomous barb.
                  | [Xom's grace]
  5261 | D:9      | Gained mutation: Your spells are a little harder to cast,
                  | but a little more powerful. [Xom's grace]
  5261 | D:9      | Gained mutation: You are agile. (Dex +4, Str/Int -1) [Xom's
                  | grace]
  5279 | D:9      | XOM: torment (36/84 hp)
  5376 | D:9      | XOM: divination: detect items
  5424 | D:9      | Found Duoqixah's Demolitions Depot.
  5471 | D:9      | Noticed a two-headed ogre
  5477 | D:9      | Killed a two-headed ogre
  5637 | D:9      | Found a radiant altar of Vehumet.
  5918 | D:9      | Reached skill level 13 in Long Blades
  5924 | D:9      | Gained mutation: You are highly strong-willed. (Will++)
                  | [hidden potential]
  5924 | D:9      | Lost mutation: You have great hidden genetic potential.
                  | [hidden potential expressed]
  5944 | D:10     | Entered Level 10 of the Dungeon
  5944 | D:10     | Noticed Snorg
  5963 | D:10     | XOM: summons friendly iron imp
  5970 | D:9      | Killed Snorg
  6079 | D:10     | XOM: god gift: 7 gold pieces
  6124 | D:10     | Reached skill level 5 in Fighting
  6255 | D:10     | Reached XP level 11. HP: 96/96 MP: 11/11
  6585 | D:11     | Noticed a red ugly thing
  6586 | D:11     | Noticed a tengu warrior
  6684 | D:11     | Gained mutation: Your muscles are strong. (Str +4, Int/Dex
                  | -1) [hidden potential]
  6686 | D:11     | Noticed a deep troll earth mage
  6687 | D:11     | Noticed a purple ugly thing
  6687 | D:11     | Noticed a cyclops
  6689 | D:11     | Noticed a red ugly thing
  6690 | D:11     | XOM: divine lightning
  6690 | D:11     | Noticed a centaur warrior
  6691 | D:11     | XOM: polymorph purple ugly thing -> red ugly thing
  6691 | D:11     | Noticed a fire giant
  6693 | D:11     | Noticed a green ugly thing
  6695 | D:11     | Noticed a cyclops
  6695 | D:11     | Noticed an ettin
  6695 | D:11     | Noticed a manticore
  6695 | D:11     | Noticed Grum
  6695 | D:11     | Noticed Fannar
  6697 | D:11     | Noticed an ogre mage
  6846 | D:11     | Noticed a cyclops
  6853 | D:11     | Killed a cyclops
  6856 | D:11     | Noticed Gastronok
  6864 | D:11     | Killed a red ugly thing
  6865 | D:11     | Reached skill level 5 in Armour
  6866 | D:11     | XOM: summons friendly white imp
  6871 | D:11     | Killed Gastronok
  6872 | D:11     | Reached skill level 5 in Dodging
  6911 | D:11     | XOM: 1-stop teleportation journey
  6916 | D:11     | XOM: confuse monster(s)
  6918 | D:11     | Killed an ogre mage
  6918 | D:11     | Killed a deep troll earth mage
  6919 | D:11     | Reached skill level 14 in Long Blades
  6931 | D:11     | XOM: summons friendly ufetubus
  6936 | D:11     | Killed a cyclops
  6938 | D:11     | Killed a manticore
  6940 | D:11     | Killed a cyclops
  6971 | D:11     | XOM: 1-stop teleportation journey
  6976 | D:11     | Killed Grum
  6977 | D:11     | Reached XP level 12. HP: 72/109 MP: 10/12
  7129 | D:11     | Found Muner's Armour Shoppe.
  7146 | D:11     | HP: 4/110 [red ugly thing (14)]
  7191 | D:11     | Gained mutation: You expend magic power (3 MP) to
                  | strengthen your wands. [hidden potential]
  7191 | D:11     | Lost mutation: You have hidden genetic potential. [hidden
                  | potential expressed]
  7291 | D:11     | XOM: give mutations
  7291 | D:11     | Lost mutation: Your body sometimes deteriorates upon taking
                  | damage. [Xom's mischief]
  7291 | D:11     | Lost mutation: You have a pair of small horns on your head.
                  | [Xom's mischief]
  7291 | D:11     | Lost mutation: Your tail ends in a sharp venomous barb.
                  | [Xom's mischief]
  7376 | D:11     | Bought the +0 pair of gloves of a Million Knives {Str+3}
                  | for 195 gold pieces
  7472 | D:11     | XOM: silly message
  7494 | D:11     | XOM: scenery: 1 doors close
  7611 | D:11     | XOM: confuse monster(s)
  7624 | D:11     | Killed a tengu warrior
  7657 | D:11     | Killed Fannar
  7684 | D:11     | Killed a centaur warrior
  7740 | D:11     | Identified the +11 flail "Hozept" {elec, Fly rPois rC+
                  | Dex+3}
  7743 | D:11     | a fire giant changed into a jorogumo
  7743 | D:11     | Noticed a jorogumo
  7743 | D:11     | XOM: polymorph fire giant -> jorogumo
  7759 | D:11     | Killed a jorogumo
  8301 | D:8      | Found Bigel's Book Shoppe.
  8442 | D:8      | XOM: summons 6 friendly demons
  8449 | D:8      | XOM: god gift: 35 gold pieces
  8494 | D:7      | XOM: enchant monster (bad)
  8506 | D:7      | XOM: divination: magic mapping
  8534 | D:7      | Identified the orb of Philately {mayhem, rElec Int+3 Slay-5
                  | Tloc}
  8624 | D:7      | XOM: give mutation
  8624 | D:7      | Lost mutation: You occasionally shout uncontrollably at
                  | your foes. [Xom's mischief]
  8754 | D:7      | XOM: smoke on damage
  9073 | D:8      | Found a staircase to the Lair.
  9105 | D:8      | XOM: confuse monster(s)
  9236 | D:8      | XOM: god gift: club {god gift}
  9378 | Lair:1   | Entered Level 1 of the Lair of Beasts
  9569 | Lair:1   | XOM: 1-stop teleportation journey
  9573 | Lair:1   | XOM: potion effect (haste)
  9609 | Lair:1   | Reached skill level 15 in Long Blades
  9624 | Lair:1   | XOM: silly message
  9741 | Lair:1   | Gained mutation: You can use your snake-like lower body to
                  | constrict enemies. [Naga growth]
  9741 | Lair:1   | Reached XP level 13. HP: 121/121 MP: 13/13
 10058 | Lair:1   | XOM: divination: detect creatures
 10170 | Lair:2   | XOM: destruction
 10238 | Lair:2   | Found a frozen archway.
 10247 | IceCv    | Entered an ice cave
 10291 | IceCv    | XOM: divine lightning
 11044 | Lair:2   | Found a staircase to the Swamp.
 11097 | Lair:2   | Noticed Nergalle
 11106 | Lair:2   | Killed Nergalle
 11335 | Lair:2   | Reached skill level 10 in Fighting
 11555 | Lair:2   | XOM: give mutations
 11555 | Lair:2   | Gained mutation: Your spells are harder to cast, but more
                  | powerful. [Xom's grace]
 11555 | Lair:2   | Gained mutation: Your mind is acute. (Int +4, Str/Dex -1)
                  | [Xom's grace]
 11555 | Lair:2   | Gained mutation: You have a pair of small horns on your
                  | head. [Xom's grace]
 11555 | Lair:2   | Gained mutation: Your flesh is heat resistant. (rF+) [Xom's
                  | grace]
 11949 | Lair:3   | Reached skill level 16 in Long Blades
 12009 | Lair:3   | XOM: scenery: summon butterflies
 12024 | Lair:3   | XOM: summons friendly shadow imp
 12025 | Lair:3   | XOM: fog
 12061 | Lair:3   | Found a gate leading to a gauntlet.
 12069 | Gauntlet | Entered a Gauntlet
 12069 | Gauntlet | Found a transporter.
 12069 | Gauntlet | Found a transporter.
 12078 | Gauntlet | Found a transporter.
 12078 | Gauntlet | Found a transporter.
 12090 | Gauntlet | Found a transporter.
 12091 | Gauntlet | Found a transporter.
 12094 | Gauntlet | Found a transporter.
 12094 | Gauntlet | Found a transporter.
 12095 | Gauntlet | XOM is BORED!
 12095 | Gauntlet | XOM: summons 1 hostile demon
 12098 | Gauntlet | Found a transporter.
 12098 | Gauntlet | Found a transporter.
 12121 | Gauntlet | Found a runed translucent door.
 12151 | Gauntlet | XOM: smoke on damage
 12252 | Gauntlet | Found a runed translucent gate.
 12253 | Gauntlet | Found a runed translucent gate.
 12254 | Gauntlet | Found a runed translucent gate.
 12255 | Gauntlet | Found a transporter.
 12255 | Gauntlet | Found a transporter.
 12276 | Gauntlet | Identified the ring of Symmetry {*Corrode +Blink rF+ rC+}
 12449 | Gauntlet | Identified the +3 mace of the Scroll {spect, rPois rC++
                  | Stlth-}
 12449 | Gauntlet | Noticed a minotaur
 12454 | Gauntlet | Killed a minotaur
 12455 | Gauntlet | Reached XP level 14. HP: 131/133 MP: 14/14
 12463 | Gauntlet | Identified the ring "Gunk" {Fly rC- Str+6 Dex+2}
 12463 | Gauntlet | Identified the +1 plate armour "Sisig" {rPois SInv}
 12681 | Lair:3   | You fall into a shaft and drop 2 floors!
 12681 | Lair:5   | Entered Level 5 of the Lair of Beasts
 12740 | Lair:5   | Identified the -2 cloak "Decof" {Stlth+}
 12743 | Lair:5   | Reached skill level 17 in Long Blades
 12772 | Lair:5   | XOM: destruction
 12818 | Lair:5   | Got an earthy gem with 1207 turns to spare
 12836 | Lair:5   | Identified the +2 great sword of Yrphifaask {holy, rC+
                  | Stlth+}
 12858 | Lair:5   | XOM: god gift: shortbow {god gift}
 13022 | Lair:5   | XOM: fake destruction
 13051 | Lair:5   | Reached skill level 18 in Long Blades
 13371 | Lair:5   | Reached XP level 15. HP: 140/140 MP: 15/15
 13425 | Lair:5   | Reached skill level 19 in Long Blades
 13507 | Lair:5   | XOM: polymorph death yak -> rime drake
 13508 | Lair:5   | XOM: fake destruction
 13534 | Lair:5   | XOM: scenery: create altars
 13762 | Lair:5   | Found a viscous altar of Jiyva.
 13764 | Lair:5   | Found a staircase to the Slime Pits.
 13783 | Lair:5   | XOM: cloud trail
 13834 | Lair:5   | XOM: silly message
 13898 | Lair:4   | XOM: draining
 13905 | Lair:4   | XOM: divination: detect creatures
 14243 | Lair:4   | XOM: god gift: scroll of acquirement
 14245 | Lair:4   | Acquired a manual of Armour
 14452 | Lair:4   | XOM: summons 1 hostile demon
 14788 | Lair:4   | XOM is BORED!
 14788 | Lair:4   | XOM: noise
 14847 | Lair:4   | Reached skill level 20 in Long Blades
 15060 | Orc:1    | Entered Level 1 of the Orcish Mines
 15171 | Orc:2    | Entered Level 2 of the Orcish Mines
 15356 | Orc:2    | Found a bloodstained altar of Trog.
 15370 | Orc:2    | Found a roughly hewn altar of Beogh.
 15565 | Orc:2    | Found Yli Xeic's Antique Weapon Emporium.
 15624 | Orc:2    | Found a staircase to the Elven Halls.
 15711 | Orc:2    | Reached XP level 16. HP: 127/147 MP: 12/16
 15715 | Orc:2    | XOM: smoke on damage
 15720 | Orc:2    | XOM: scenery: 2 doors open, 3 doors close
 15721 | Orc:2    | XOM: chaos upgrade
 15727 | Orc:2    | XOM: summons friendly white imp
 15733 | Orc:2    | XOM: enchant monster (good)
 15736 | Orc:2    | Reached skill level 10 in Armour
 15738 | Orc:2    | Found a roughly hewn altar of Beogh.
 15738 | Orc:2    | Found Oklaif's Antique Armour Shop.
 15738 | Orc:2    | Found Kyunafryamy's Antique Weapon Boutique.
 15738 | Orc:2    | XOM: swap monsters
 15958 | Orc:1    | Found a roughly hewn altar of Beogh.
 15958 | Orc:1    | XOM: 2-stop teleportation journey
 16184 | Orc:2    | Found a roughly hewn altar of Beogh.
 16184 | Orc:2    | Found Irphyq's Antique Weapon Shop.
 16184 | Orc:2    | XOM: 1-stop teleportation journey
 16319 | Orc:2    | Found a roughly hewn altar of Beogh.
 16446 | Orc:2    | XOM: give mutations
 16446 | Orc:2    | Lost mutation: Your flesh is heat resistant. (rF+) [Xom's
                  | mischief]
 16446 | Orc:2    | Lost mutation: Your spells are harder to cast, but more
                  | powerful. [Xom's mischief]
 16456 | Orc:2    | Found a roughly hewn altar of Beogh.
 16478 | Orc:2    | Found Ijeigojo's Distillery.
 16483 | Orc:2    | Bought 2 potions of heal wounds for 160 gold pieces
 16483 | Orc:2    | Bought a potion of curing for 48 gold pieces
 16483 | Orc:2    | Bought a potion of curing for 48 gold pieces
 16483 | Orc:2    | Bought a potion of enlightenment for 80 gold pieces
 16540 | Orc:2    | XOM: torment (81/145 hp)
 16700 | Orc:2    | Found a roughly hewn altar of Beogh.
 16885 | Swamp:1  | Entered Level 1 of the Swamp
 16886 | Swamp:1  | XOM: blink monster(s)
 16906 | Swamp:1  | HP: 6/147 [will-o-the-wisp/foxfire (25)]
 16907 | Swamp:1  | Slain by a goliath frog

Illustrated notes

Levels and vault maps discovered:
D:1:      wander_arrival_fairy_ring, layout_loops_ring, serial_shops,
          nicolae_shop_pleasant_corner_grove
D:2:      layout_loops_ring
D:3:      layout_loops_ring, nicolae_elyvilon_peaceful_grove, uniq_terence,
          uniq_grinder
D:4:      layout_basic, minmay_temple_entry_tees, nicolae_shop_firing_range
D:5:      layout_basic, cheibrodos_sewer_entry_drain,
          nicolae_ossuary_entry_giza, uniq_pikel
D:6:      layout_rooms, lemuel_crystal_altar, nemelex_xobeh_ov_fountains_minmay,
          ebering_ghost_disaster_area, serial_curves, eino_curves_01,
          eino_curves_04, eino_curves_03, serial_bayou_crossing
D:7:      layout_rooms, enter_bailey_3, corexii_corridor_pit,
          serial_library_hellmonk_long_bookcase,
          corexii_item_surrounded_by_moat, hangedman_abyss_or_decor_stabs,
          minivault_5
D:8:      black_bear_nest_1, layout_rooms, erik_lair_island,
          gammafunk_ghost_grave, serial_corexii_hall, corexii_hall_statues_x,
          corexii_hall_statues_s, serial_shops, nicolae_take_the_stairs,
          minmay_microvault
D:9:      layout_loops_cross, vehumet_statue, hiddenorc2_lemuel,
          nicolae_blasting_shop
D:10:     layout_rooms, uniq_snorg
D:11:     minmay_complete_graph, layout_irregular_city, serial_shops, shop,
          uniq_grum, uniq_fannar, uniq_gastronok
Lair:1:   layout_cave_pods, infiniplex_staircase_pool_2, lemuel_fruit_fields
Lair:2:   layout_gridlike, nicolae_swamp_entry_splash_gauntlet,
          portal_ice_cave_rime, lemuel_another_geyser, uniq_nergalle
Lair:3:   layout_layer_cave, spider_nest_entry_rubble, enter_volcano_2,
          gauntlet_entry_generic, hangedman_lair_unloving_vines
Lair:4:   layout_gridlike
Lair:5:   gammafunk_lair_ancient_temple, layout_regular_city,
          minmay_slime_entry_oklob_enclosed
Swamp:1:  layout_basic_swamp, nicolae_swamp_well_well_well
Orc:1:    layout_caves, basic_altar, gammafunk_ghost_smash, uniq_josephine
Orc:2:    grunt_orc_community_town_hall, layout_diamond_mine,
          grunt_orc_community_big_house_2, grunt_orc_community_big_house_1,
          grunt_orc_community_house_2, grunt_orc_community_house_2,
          grunt_orc_community_house_3, grunt_orc_community_house_2, basic_altar,
          serial_shops, nicolae_shop_tiny_statue_garden

Skill      XL: |  1  2  3  4  5  6  7  8  9 10 11 12 13 14 15 16 |
---------------+-------------------------------------------------+-----
Unarmed Combat | 4 |  4.4
Dodging        | 1 4 5 7 8 |  8.4
Long Blades    | 2 5 8 10 12 13 14 15 16 18 20 | 20.0
Armour         | 2 4 5 7 8 9 11 | 11.7
Fighting       | 5 7 9 10 | 10.4

Action                     |  1- 3 |  4- 6 |  7- 9 | 10-12 | 13-15 | 16-18 || total
---------------------------+-------+-------+-------+-------+-------+-------++-------
  Melee: Unarmed           |    75 |       |       |       |       |       ||    75
         Punch             |     2 |       |       |       |       |       ||     2
         Great sword       |     1 |    59 |   214 |   291 |   361 |    68 ||   994
         Headbutt          |       |       |    12 |    36 |    85 |    13 ||   146
         Constrict         |       |       |       |       |    85 |    18 ||   103
  Throw: Javelin           |       |       |       |       |       |     1 ||     1
Ability: Spit Poison       |    21 |    22 |     7 |       |       |       ||    50
         Breathe Poison Ga |       |       |    30 |    58 |    54 |    10 ||   152
  Evoke: Wand              |       |       |       |     2 |       |       ||     2
         Lightning rod     |       |       |       |       |       |     1 ||     1
         Sack of spiders   |       |       |       |       |       |     1 ||     1
         Phantom mirror    |       |       |       |       |       |     1 ||     1
         Tin of tremorston |       |       |       |       |       |     1 ||     1
    Use: Potion            |     4 |       |    10 |     5 |     2 |     3 ||    24
         Scroll            |     2 |     3 |     7 |     8 |    11 |     4 ||    35
   Stab: Distracted        |       |     1 |       |       |     1 |     1 ||     3
         Confused          |       |       |     1 |       |       |       ||     1
         Invisible         |       |       |       |       |     2 |       ||     2
         Sleeping          |       |       |       |       |       |     1 ||     1
 Armour: Leather armour    |    62 |    88 |   311 |    34 |       |       ||   495
         Skin              |       |       |     1 |       |       |       ||     1
         Troll leather arm |       |       |       |    78 |       |       ||    78
         Acid dragon scale |       |       |       |   219 |   160 |       ||   379
         Plate armour      |       |       |       |       |   282 |   111 ||   393
  Dodge: Dodged            |    40 |    48 |   152 |   153 |   208 |    26 ||   627
  Block: Other             |       |       |    31 |    61 |    67 |    17 ||   176

Table legend: (Time is in decaauts)
 A = Elapsed time spent in this place.
 B = Non-inter-level travel time spent in this place.
 C = Inter-level travel time spent in this place.
 D = Time resting spent in this place.
 E = Time spent auto-exploring this place.
 F = Levels seen in this place.
 G = Mean time per level.
                   A        B        C        D        E       F      G
               +--------+--------+--------+--------+--------+-----+--------+
         Total |  19654 |  18471 |   1183 |   1272 |  13932 |  22 |  893.4 |
       Dungeon |  10936 |  10223 |    713 |    705 |   7673 |  11 |  994.2 |
          Lair |   5108 |   4713 |    395 |     41 |   3982 |   5 | 1021.6 |
         Swamp |     20 |     20 |      0 |      0 |      0 |   1 |   20.0 |
  Orcish Mines |   1872 |   1799 |     73 |    157 |   1395 |   2 |  936.0 |
         Sewer |    453 |    453 |      0 |     27 |    310 |   1 |  453.0 |
      Ice Cave |    703 |    703 |      0 |    100 |    453 |   1 |  703.0 |
      Gauntlet |    559 |    559 |      0 |    242 |    117 |   1 |  559.0 |
               +--------+--------+--------+--------+--------+-----+--------+

Top non-repeatable levels by time:
    D:11: 1724 daAuts
  Lair:2: 1374 daAuts
   Orc:2: 1352 daAuts
  Lair:5: 1347 daAuts
     D:9: 1241 daAuts
  Lair:4: 1178 daAuts
     D:5: 1143 daAuts
     D:1: 1107 daAuts
     D:2: 967 daAuts
     D:3: 960 daAuts
  Lair:1: 911 daAuts
     D:6: 881 daAuts
     D:4: 819 daAuts
     D:7: 785 daAuts
    D:10: 763 daAuts
